 Dungeon Crawl Stone Soup version 0.30.1 (webtiles) character file.

Game seed: 7653150017486412651

28 hawla the Firebug (level 3, -3/26 HPs)
             Began as a Meteoran Fire Elementalist on July 9, 2023.
             Was an Initiate of Vehumet.
             Splashed by a jelly's acid (8 damage)
             ... on level 5 of the Dungeon.
             The game lasted 00:02:32 (696 turns).

hawla the Firebug (Meteoran Fire Elementalist)       Turns: 696, Time: 00:02:33

Health: -3/26      AC: -1    Str:  9    XL:     3   Next: 50%
Magic:  8/8        EV: 12    Int: 19    God:    Vehumet [......]
Gold:   39         SH:  0    Dex: 14    Spells: 5/8 levels left

rFire   . . .        f - +0 dire flail
rCold   . . .        (shield currently unavailable)
rNeg    . . .        a - +1 robe
rPois   .            (no helmet)
rElec   .            (no cloak)
rCorr   .            (no gloves)
SInv    .            (no boots)
Will    .....        (no amulet)
Stlth   +            (no ring)
HPRegen 0.24/turn    (no ring)
MPRegen 0.11/turn

%: no passive effects
@: corroded, glowing
A: sense surroundings 1, otherworldly, glowing, explore regen
a: Renounce Religion


You were on level 5 of the Dungeon.
You worshipped Vehumet.
Vehumet was noncommittal.
You visited 2 branches of the dungeon, and saw 6 of its levels.

You collected 39 gold pieces.

Inventory:

Hand Weapons
 f - a +0 dire flail (weapon)
Armour
 a - a +1 robe (worn)
Wands
 g - a wand of paralysis (7) (quivered)
Scrolls
 d - a scroll of identify {unknown}
Potions
 c - 3 potions of lignification {unknown}
 e - a potion of might {unknown}


   Skills:
 + Level 2.6 Dodging
 - Level 1.4 Stealth
 + Level 3.1 Spellcasting
 + Level 1.4 Conjurations
 + Level 4.6 Fire Magic


You had 5 spell levels left.
You knew the following spells:

 Your Spells              Type           Power      Damage    Failure   Level
a - Foxfire               Conj/Fire      56%        2x1d6     4%          1
b - Scorch                Fire           40%        2d6       3%          2

Your spell library contained the following spells:

 Spells                   Type           Power      Damage    Failure   Level
 Inner Flame              Hex/Fire       11%        N/A       17%         3
 Volatile Blastmotes      Fire/Tloc      22%        2d11      17%         3
 Flame Wave               Conj/Fire      14%        2d6       38%         4


Dungeon Overview and Level Annotations

Branches:
Dungeon (5/15) Zot: 2518   Temple (1/1) D:4 Zot: 386

Altars:
Ashenzari
Dithmenos
Elyvilon
Fedhas
Gozag
Hepliaklqana
Makhleb
Okawaru
Ru
Sif Muna
Trog
Vehumet
Wu Jian
Xom
Zin
The Shining One


Innate Abilities, Weirdness & Mutations

You passively map a small area around you.
You are easily found by Zot.
You glow in the dark.
You regain HP and MP as you explore.


Message History

Flames lash the jelly.
The jelly is moderately wounded.
The jelly's fire resistance burns away.
You hear a shout!
The foxfire hits the phantom but does no damage.
The phantom is lightly damaged.
The foxfire hits the phantom.
The phantom is moderately damaged.
A hound comes into view.
The phantom hits you.
A phantom comes into view.
Casting: Scorch (safe; 3% risk of failure)
Confirm with . or Enter, or press ? or * to list all spells.
You conjure some foxfire!
The phantom completely misses you.
Casting: Foxfire (safe; 4% risk of failure)
Confirm with . or Enter, or press ? or * to list all spells.
You conjure some foxfire!
The foxfire hits the phantom.
The phantom is moderately damaged.
The foxfire hits the phantom.
The phantom is heavily damaged.
The phantom closely misses you. Magic courses through your body.
The foxfire hits the phantom but does no damage.
The phantom is heavily damaged.
The jelly closely misses you. The phantom closely misses you.
Casting: Foxfire (safe; 4% risk of failure)
Confirm with . or Enter, or press ? or * to list all spells.
You don't know that spell.
The jelly is no longer more vulnerable to fire.
The phantom hits you.
An orc comes into view. It is wielding a +0 trident.
The phantom attacks as you move away! The phantom barely misses you.
The jelly attacks as you move away! The jelly hits you. The acid corrodes you!
You are splashed with acid!
The phantom attacks as you move away! The phantom hits you.
* * * LOW HITPOINT WARNING * * *
The jelly attacks as you move away! The jelly hits you.
* * * LOW HITPOINT WARNING * * *
You are splashed with acid!
You die...

..##### ......#
#(###.# #.# #.# #.#
#.############ #.#
#............#### #.#
############....#####
..# #.##.....## ..#
#@..#...... .##
#J#...#.., ..####
#WW###.....
#....####### * #h.#
..#. * #...........
#..# + ,.
###..#######,
#.#...#* * * #...##
#o..#.#, #.### ,*
#.### # * ..# #..,*


You could see 2 phantoms, a hound, a jelly and an orc.

Vanquished Creatures
  An adder (D:5)
  A shadow imp (D:5)
  3 endoplasms
  2 goblins
  A hobgoblin (D:4)
  2 jackals (D:2)
  A frilled lizard (D:3)
11 creatures vanquished.

Vanquished Creatures (others)
  26 foxfires
26 creatures vanquished.

Grand Total: 37 creatures vanquished

Notes
Turn   | Place    | Note
-------+----------+-------------------------------------------
     0 | D:1      | hawla the Meteoran Fire Elementalist began the quest for
                  | the Orb.
     0 | D:1      | Reached XP level 1. HP: 14/14 MP: 5/5
    74 | D:2      | Reached skill level 4 in Fire Magic
    74 | D:2      | Reached XP level 2. HP: 20/20 MP: 3/6
    79 | D:2      | Learned a level 2 spell: Scorch
   153 | D:3      | Found an opulent altar of Gozag.
   262 | D:4      | Found a staircase to the Ecumenical Temple.
   375 | Temple   | Entered the Ecumenical Temple
   571 | Temple   | Became a worshipper of Vehumet
   614 | D:5      | Entered Level 5 of the Dungeon
   650 | D:5      | Reached XP level 3. HP: 26/26 MP: 2/8
   684 | D:5      | Noticed a phantom
   688 | D:5      | Noticed a phantom
   696 | D:5      | Splashed by a jelly's acid

Illustrated notes

Levels and vault maps discovered:
D:1:      heliophobic_arrival_henge, layout_loops_cross,
          corexii_leaking_fountain
D:2:      layout_basic
D:3:      layout_basic, nemelex_diamond_rough_becter,
          chequers_temple_overflow_statue_of_worship,
          mainiacjoe_overflow_two_lobes, uniq_natasha, uniq_terence
D:4:      layout_loops_ring, nicolae_qazlal_beasts_of_the_sky,
          minmay_temple_entry_purple_smoke
D:5:      layout_loops_ring, mainiacjoe_overflow_chevrons, serial_shops,
          nicolae_shop_stone, minmay_fractal_squares_diagonal_5, uniq_pikel
Temple:   bh_familiar_temple

Skill      XL: |  1  2 |
---------------+-------+-----
Fire Magic     | 4 |  4.6
Spellcasting   | 3 |  3.1
Dodging        | |  2.6
Stealth        | |  1.4
Conjurations   | |  1.4

Action                     || total
---------------------------++-------
  Melee: Unarmed           ||     2
   Cast: Foxfire           ||    20
         Scorch            ||     4
    Use: Scroll            ||     3
         Potion            ||     1
  Dodge: Dodged            ||     6
